 Dungeon Crawl Stone Soup version 0.29-a0-653-gd47aff6735 (console) character file.

Game seed: 1425951813969300497

504 om the Slasher (level 7, 0/81 HPs)
             Began as a Merfolk Berserker on June 21, 2022.
             Was a Believer of Trog.
             Shot with an arrow by a centaur (14 damage)
             ... on level 5 of the Dungeon.
             The game lasted 00:08:08 (5215 turns).

om the Slasher (Merfolk Berserker)                  Turns: 5215, Time: 00:08:08

Health: 0/81       AC:  4    Str: 17    XL:     7   Next: 17%
Magic:  7/7        EV: 14    Int:  6    God:    Trog [**....]
Gold:   180        SH:  0    Dex: 22    Spells: 6/6 levels left

rFire   . . .      SeeInvis .   a - +0 falchion
rCold   . . .      Faith    .   (no shield)
rNeg    . . .      Spirit   .   b - +0 animal skin
rPois   .          Reflect  .   n - +0 helmet
rElec   .          Harm     .   l - +0 cloak
rCorr   .          Rampage  .   (no gloves)
Will    .....                   (no boots)
Stlth   ..........              (no amulet)
HPRegen 0.23/turn               g - +6 ring of dexterity
MPRegen 0.10/turn               h - ring of flight

@: berserking, flying, very quick
A: (nimble swimmer 2), mertail
a: Renounce Religion, Berserk, Trog's Hand


You were on level 5 of the Dungeon.
You worshipped Trog.
Trog was pleased with you.
You visited 1 branch of the dungeon, and saw 5 of its levels.

You collected 180 gold pieces.

Inventory:

Hand Weapons
 a - a +0 falchion (weapon)
Armour
 b - a +0 animal skin (worn)
 l - a +0 cloak (worn)
 n - a +0 helmet (worn)
Jewellery
 f - a +4 ring of evasion
 g - a +6 ring of dexterity (left hand)
 h - a ring of flight (right hand)
 i - a ring of ice
Wands
 e - a wand of iceblast (9)
Potions
 c - a potion of haste
 d - a potion of curing
 k - a potion of magic
 m - a potion of flight {unknown}


   Skills:
 - Level 4.0 Fighting
 * Level 7.5 Long Blades
 + Level 3.1 Armour
 - Level 4.0 Dodging


You had 6 spell levels left.
You didn't know any spells.
Your spell library was empty.

Dungeon Overview and Level Annotations

Branches:
Dungeon (5/15)             Temple (0/1) D:4

Altars:

Annotations:
D:1 2 transporters


Innate Abilities, Weirdness & Mutations

((You are very nimble when in or above water. (Stealth+, EV+, Speed+++)))
Your lower body shifts to a powerful aquatic tail in water.


Message History

The hound is severely wounded.
The hound closely misses you. The hound completely misses you.
You slash the hound!
You kill the hound!
Trog accepts your kill.
There is a stone staircase leading down here.
A shadow imp comes into view.
A shadow imp is nearby!
The shadow imp gestures at you. Pain shoots through your body!
Found 7 gold pieces.
The shadow imp gestures at you. Pain shoots through your body!
The centaur shouts!
The shadow imp hits you but does no damage.
You hit the shadow imp.
The shadow imp is heavily wounded.
The centaur shoots an arrow.
The arrow hits you! The shadow imp hits you.
The centaur shoots an arrow.
The arrow hits you!
You hit the shadow imp.
The shadow imp is almost dead.
The shadow imp closely misses you.
The centaur shoots an arrow.
The arrow hits you.
You are too injured to fight recklessly!
You closely miss the shadow imp.
The shadow imp is almost dead.
The centaur shoots an arrow.
The arrow hits you!
* * * LOW HITPOINT WARNING * * *
The shadow imp gestures at you.
You struggle to resist.
Okay, then.
You aren't carrying any scrolls.
You feel much better.
The centaur shoots an arrow.
The arrow hits you. The shadow imp closely misses you.
The centaur shoots an arrow.
The arrow hits you!
A red film seems to cover your vision as you go berserk!
You feel yourself moving faster!
You feel mighty!
The centaur shoots an arrow.
The arrow hits you!
* * * LOW HITPOINT WARNING * * *
The shadow imp closely misses you.
You slash the shadow imp!
You kill the shadow imp!
Trog accepts your kill.
The centaur shoots an arrow.
The arrow hits you!
You die...

..#.....####.##.###....#
##........#.##.# #....##
#.........#....###......
#.........#.>##.........
.............>...........
..#........#...####......
..####.#.#....#####......
.$.#.............#......
#....................##
###................####
#......@...........#
..##...............#####
# #..................).
#....................
###..................
......c... .......
#####.#... ....... .....
.######


You could see a centaur.

Vanquished Creatures
  An ogre (D:5)
  A phantom (D:5)
  A necrophage (D:5)
  A scorpion (D:5)
  2 hounds
  An iguana (D:4)
  An orc wizard (D:4)
  3 adders
  A shadow imp (D:5)
  3 ufetubi
  2 dart slugs
  6 orcs
  6 endoplasms
  5 giant cockroaches
  5 goblins
  5 hobgoblins
  2 quokkas
  5 ball pythons
  3 bats
  5 frilled lizards
  7 kobolds
  6 rats
72 creatures vanquished.

Vanquished Creatures (others)
  6 fungi (D:2)
6 creatures vanquished.

Grand Total: 78 creatures vanquished

Notes
Turn   | Place    | Note
-------+----------+-------------------------------------------
     0 | D:1      | om the Merfolk Berserker began the quest for the Orb.
     0 | D:1      | Reached XP level 1. HP: 18/18 MP: 1/1
   314 | D:1      | Reached XP level 2. HP: 10/24 MP: 2/2
   319 | D:1      | Reached skill level 4 in Long Blades
  1314 | D:1      | Found a faded altar of an unknown god.
  1333 | D:1      | Reached XP level 3. HP: 29/29 MP: 3/3
  2624 | D:3      | Reached XP level 4. HP: 37/37 MP: 4/4
  3036 | D:3      | Reached ** piety under Trog
  3320 | D:4      | Reached skill level 5 in Long Blades
  3482 | D:4      | Found a staircase to the Ecumenical Temple.
  3521 | D:4      | Reached XP level 5. HP: 40/42 MP: 5/5
  4569 | D:5      | Entered Level 5 of the Dungeon
  4593 | D:5      | Noticed a phantom
  4621 | D:5      | Killed a phantom
  4622 | D:5      | Reached skill level 6 in Long Blades
  4622 | D:5      | Reached XP level 6. HP: 48/48 MP: 6/6
  4707 | D:5      | Reached skill level 7 in Long Blades
  4963 | D:5      | Reached XP level 7. HP: 21/54 MP: 7/7
  5215 | D:5      | Shot with an arrow by a centaur

Illustrated notes

Levels and vault maps discovered:
D:1:      spicycebolla_arrival_transporter_tutorial, layout_loops_cross,
          basic_ecumenical_altar
D:2:      layout_basic, dreamdust_mushroom_princess
D:3:      layout_loops_ring
D:4:      layout_basic, minmay_temple_entry_antechambers
D:5:      layout_rooms, mainiacjoe_overflow_chevrons

Skill      XL: |  1  2  3  4  5  6 |
---------------+-------------------+-----
Long Blades    | 4 5 6 7 |  7.5
Dodging        | 3 4 |  4.0
Fighting       | 4 |  4.0
Armour         | 2 3 |  3.1

Action                   |  1- 3 |  4- 6 |  7- 9 || total
-------------------------+-------+-------+-------++-------
Melee: Falchion          |   120 |   152 |    10 ||   282
       Tailslap          |     4 |       |       ||     4
       Punch             |     1 |     3 |       ||     4
Invok: Berserk           |     2 |     4 |     1 ||     7
  Use: Scroll            |     3 |     4 |       ||     7
       Potion            |       |     1 |     1 ||     2
 Stab: Sleeping          |     2 |       |       ||     2
Armor: Animal skin       |    23 |    30 |     2 ||    55
Dodge: Dodged            |   118 |   109 |     9 ||   236

Table legend: (Time is in decaauts)
 A = Elapsed time spent in this place.
 B = Non-inter-level travel time spent in this place.
 C = Inter-level travel time spent in this place.
 D = Time resting spent in this place.
 E = Time spent auto-exploring this place.
 F = Levels seen in this place.
 G = Mean time per level.
                   A        B        C        D        E       F      G
               +--------+--------+--------+--------+--------+-----+--------+
         Total |   5251 |   5138 |    113 |    962 |   3439 |   5 | 1050.2 |
       Dungeon |   5251 |   5138 |    113 |    962 |   3439 |   5 | 1050.2 |
               +--------+--------+--------+--------+--------+-----+--------+

Top non-repeatable levels by time:
     D:4: 1521 daAuts
     D:1: 1457 daAuts
     D:2: 1144 daAuts
     D:3: 648 daAuts
     D:5: 480 daAuts
